 Dungeon Crawl Stone Soup version 0.31-a0-931-g7b59d4eb97 (webtiles) character file.

Game seed: 7554228348046198222

105 mortress the Ruffian (level 4, -3/37 HPs)
             Began as a Draconian Shapeshifter on Oct 19, 2023.
             Killed from afar by an orc wizard (8 damage)
             ... with a magic dart
             ... on level 3 of the Dungeon.
             The game lasted 00:04:46 (2032 turns).

mortress the Ruffian (Draconian Shapeshifter)       Turns: 2032, Time: 00:04:47

Health: -3/37      AC:  5    Str: 18    XL:     4   Next: 54%
Magic:  4/4        EV: 12    Int: 10    God:
Gold:   122        SH:  0    Dex: 11    Spells: 3/3 levels left

rFire   . .          .
                       - Unarmed
rCold   . . .        (no shield)
rNeg    . . .        (body armour unavailable)
rPois   .            (helmet currently unavailable)
rElec   .            (cloak currently unavailable)
rCorr   .            (gloves currently unavailable)
SInv    .            (boots currently unavailable)
Will    .....        (no amulet)
Stlth   +            (no ring)
HPRegen 0.26/turn    (no ring)
MPRegen 0.09/turn

%: no passive effects
@: beast-form
A: beast (slay +1), AC +5, unfitting armour, cold-blooded
a: Begin Untransformation


You were on level 3 of the Dungeon.
You were a hulking beast.
You visited 1 branch of the dungeon, and saw 3 of its levels.

You collected 122 gold pieces.

Inventory:

Missiles
 p - 8 stones (quivered)
 q - 3 boomerangs
Jewellery
 g - a +6 ring of dexterity
Talismans
 b - a beast talisman (active)
 c - a flux talisman
 h - a talisman of death
Scrolls
 d - a scroll of enchant weapon {unknown}
 e - a scroll of identify {unknown}
 k - 2 scrolls of teleportation {unknown}
 l - a scroll of torment {unknown}
Potions
 a - 3 potions of lignification
 i - a potion of enlightenment {unknown}
 j - a potion of ambrosia {unknown}
 m - 2 potions of curing {unknown}
 n - a potion of might {unknown}
 o - a potion of invisibility {unknown}


   Skills:
 + Level 2.4 Fighting
 + Level 2.5 Dodging
 * Level 3.9 Unarmed Combat
 + Level 3.4 Shapeshifting


You had 3 spell levels left.
You didn't know any spells.
Your spell library contained the following spells:

 Spells                   Type           Power      Damage    Failure   Level
 Animate Dead             Necr           0%         N/A       98%         4
 Haunt                    Necr/Summ      0%         N/A       100%        7
 Infestation              Necr           0%         N/A       100%        8


Dungeon Overview and Level Annotations

Branches:
Dungeon (3/15)

Altars:


Innate Abilities, Weirdness & Mutations

You are a hulking beast.
Your limbs bulge with bestial killing power. (Slay +1)
Your plain brown scales are hard. (AC +5)
You cannot fit into any form of body armour.
You are cold-blooded and may be slowed by cold attacks.


Message History

The orc is almost dead.
Something hits you but does no damage.
You hit the orc.
You kill the orc!
The orc priest hits you with a +0 mace. Something hits you but does no damage.
You barely miss the orc priest.
The orc priest mumbles some strange prayers to Beogh against you.
Pain shoots through your body!
You hit the orc priest.
Your tail-slap misses the orc priest.
The orc priest is moderately wounded.
Something hits you.
* * * LOW HITPOINT WARNING * * *
The orc priest hits you with a +0 mace.
* * * LOW HITPOINT WARNING * * *
You feel much better. Something hits you.
The orc priest looks braver for a moment.
You closely miss the orc priest.
The orc priest is moderately wounded.
Something hits you. The orc priest closely misses you. The worm bites you!
You punch the orc priest!
Your tail-slap misses the orc priest.
The orc priest is almost dead.
Something hits you but does no damage.
The orc priest calls down the wrath of Beogh upon you.
Beogh smites you!
You closely miss the orc priest.
You tail-slap the orc priest, but do no damage.
The orc priest is almost dead.
Something hits you but does no damage. The worm barely misses you.
The orc priest hits you but does no damage.
You punch the orc priest!
You kill the orc priest!
Something hits you but does no damage. The worm closely misses you.
A magic dart appears from out of thin air!
The magic dart hits you!
* * * LOW HITPOINT WARNING * * *
Okay, then.
Unknown command.
A magic dart appears from out of thin air!
The magic dart hits you!
You die...

.#.#
..##.#.....................
.#
...##......)....######.#...
.........).###### #>....
...........# ######...
...##.....w# #........
.##.#....{# #........
#.#.#.)..# #........
..#.##....# #........
....##.#..h# #........
......#.#..# #........
.......##..# #........
.........#.# ######........
..........###...).........
..............####........
############## #########


You could see a worm.

Vanquished Creatures
  An orc priest (D:3)
  A worm (D:2)
  A dart slug (D:2)
  5 orcs (D:3)
  3 ball pythons
  5 bats
  4 endoplasms
  3 giant cockroaches
  6 goblins
  5 hobgoblins
  6 jackals (D:1)
  2 quokkas
  4 frilled lizards
  5 kobolds
  13 rats
64 creatures vanquished.

Notes
Turn   | Place    | Note
-------+----------+-------------------------------------------
     0 | D:1      | mortress the Draconian Shapeshifter began the quest for the
                  | Orb.
     0 | D:1      | Reached XP level 1. HP: 16/16 MP: 1/1
   156 | D:1      | Reached XP level 2. HP: 23/23 MP: 2/2
   526 | D:1      | Reached XP level 3. HP: 28/29 MP: 3/3
  1268 | D:2      | Found a faded altar of an unknown god.
  1992 | D:3      | Reached XP level 4. HP: 36/36 MP: 4/4
  2032 | D:3      | Killed from afar by an orc wizard

Illustrated notes

Levels and vault maps discovered:
D:1:      lemuel_arrival_cross, layout_loops_ring, minmay_statues_item,
          minmay_strange_pillars
D:2:      kennysheep_big_flooded_room, layout_basic,
          ebering_ecumenical_altar_hall, grunt_ministairs_15,
          minmay_misc_feat_four_crosses, minmay_goblin_outpost
D:3:      layout_basic, minmay_misc_feat_secret_circle

Skill      XL: |  1  2  3 |
---------------+----------+-----
Dodging        | 2 |  2.5
Fighting       | 2 |  2.4
Unarmed Combat | |  3.9
Shapeshifting  | |  3.4

Action                     |  1- 3 |  4- 6 || total
---------------------------+-------+-------++-------
  Melee: Unarmed           |   153 |    17 ||   170
         Tailslap          |     8 |     3 ||    11
         Punch             |     2 |     1 ||     3
  Throw: Stone             |     5 |       ||     5
    Use: Potion            |       |     2 ||     2
   Stab: Sleeping          |     1 |       ||     1
 Armour: Skin              |    73 |    27 ||   100
  Dodge: Dodged            |    93 |    11 ||   104

Table legend: (Time is in decaauts)
 A = Elapsed time spent in this place.
 B = Non-inter-level travel time spent in this place.
 C = Inter-level travel time spent in this place.
 D = Time resting spent in this place.
 E = Time spent auto-exploring this place.
 F = Levels seen in this place.
 G = Mean time per level.
                   A        B        C        D        E       F      G
               +--------+--------+--------+--------+--------+-----+--------+
         Total |   2022 |   1975 |     47 |      0 |   1490 |   3 |  674.0 |
       Dungeon |   2022 |   1975 |     47 |      0 |   1490 |   3 |  674.0 |
               +--------+--------+--------+--------+--------+-----+--------+

Top non-repeatable levels by time:
     D:2: 908 daAuts
     D:1: 862 daAuts
     D:3: 251 daAuts
